 Dungeon Crawl Stone Soup version 0.28.0-53-g5a82cb258f (webtiles) character file.

Game seed: 16705600539924936886

671 Kaptain the Digger (level 7, -2/41 HPs)
             Began as a Gargoyle Earth Elementalist on June 29, 2022.
             Slain by Pikel
             ... wielding a +1 whip of freezing
              (4 damage)
             ... on level 4 of the Dungeon.
             The game lasted 00:07:41 (4449 turns).

Kaptain the Digger (Gargoyle Earth Elementalist)    Turns: 4449, Time: 00:07:42

Health: -2/41      AC: 10    Str: 17    XL:     7   Next: 58%
Magic:  1/12       EV: 11    Int: 24    God:
Gold:   202        SH:  0    Dex: 10    Spells: 9/13 levels left

rFire   . . .      SeeInvis .   s - +0 rapier
rCold   . . .      Faith    .   (no shield)
rNeg    + . .      Spirit   .   u - +0 leather armour
rPois   ∞          Reflect  .   o - +0 helmet
rElec   +          Harm     .   (no cloak)
rCorr   .          Rampage  .   h - +0 pair of gloves
Will    .....                   (no boots)
Stlth   ++........              (no amulet)
HPRegen 0.13/turn               i - +6 ring of strength
MPRegen 0.13/turn               l - +6 ring of intelligence

@: hasted, very quick
A: sickness immunity, AC +4, negative energy resistance 1, electricity
resistance, torment resistance 1, petrification resistance
a: no special abilities


You were on level 4 of the Dungeon.
You visited 1 branch of the dungeon, and saw 4 of its levels.

You collected 215 gold pieces.
You spent 13 gold pieces at shops.

Inventory:

Hand Weapons
 b - a +0 scimitar
 s - a +0 rapier (weapon)
Missiles
 c - 27 stones
 e - 9 poisoned darts
Armour
 h - a +0 pair of gloves (worn)
 o - a +0 helmet (worn)
 u - a +0 leather armour (worn)
Jewellery
 a - a ring of protection from cold
 i - a +6 ring of strength (left hand)
 l - a +6 ring of intelligence (right hand)
 t - a ring of flight
 v - a ring of resist corrosion
Wands
 y - a wand of iceblast (8)
Scrolls
 d - a scroll of teleportation {unknown}
 k - 2 scrolls of identify
 m - a scroll of fear {unknown}
 n - a scroll of summoning {unknown}
 p - a scroll of immolation {unknown}
 r - 2 scrolls of noise {unknown}
Potions
 f - 2 potions of mutation
 g - 2 potions of curing
 j - a potion of haste
 q - a potion of ambrosia {unknown}
 w - 2 potions of might {unknown}
 x - a potion of cancellation {unknown}


   Skills:
 * Level 3.5 Fighting
 + Level 2.3 Armour
 - Level 1.5 Dodging
 + Level 3.5 Stealth
 * Level 3.8 Spellcasting
 * Level 3.7 Conjurations
 - Level 0.7 Transmutations
 * Level 5.6 Earth Magic


You had 9 spell levels left.
You knew the following spells:

 Your Spells              Type           Power      Damage    Failure   Level
a - Sandblast             Erth           62%        2d14      1%          1
b - Stone Arrow           Conj/Erth      54%        3d10      5%          3

Your spell library contained the following spells:

 Spells                   Type           Power      Damage    Failure   Level
 Passwall                 Tmut/Erth      15%        N/A       4%          2
 Petrify                  Tmut/Erth      19%        N/A       32%         4


Dungeon Overview and Level Annotations

Branches:
Dungeon (4/15)
 Temple: D:4-7

Altars:
Cheibriados
Hepliaklqana
Qazlal
Ru
Wu Jian
Yredelemnul

Shops:
D:4 *

Annotations:
D:4 Pikel


Innate Abilities, Weirdness & Mutations

You are immune to sickness and miasma.
Your stone body is resilient. (AC +4)
You are immune to poison.
You resist negative energy. (rN+)
You are resistant to electric shocks. (rElec)
You are resistant to unholy torment.
You are immune to petrification.


Message History

Casting: Stone Arrow (dangerous; 5% risk of failure)
Confirm with . or Enter, or press ? or * to list all spells.
Aiming: Stone Arrow (dangerous; 5% risk of failure)
Press: ? - help, Shift-Dir - straight line, f/p - Pikel
Aim: Pikel, wielding a +1 whip of freezing and wearing a +0 robe (lightly wounded, 64% to hit)
The stone arrow misses Pikel.
Pikel drinks a potion.
Pikel goes berserk!
Casting: Stone Arrow (dangerous; 5% risk of failure)
Confirm with . or Enter, or press ? or * to list all spells.
Aiming: Stone Arrow (dangerous; 5% risk of failure)
Press: ? - help, Shift-Dir - straight line, f/p - Pikel
Aim: Pikel, wielding a +1 whip of freezing and wearing a +0 robe (lightly wounded, berserk, 64% to hit)
The stone arrow hits Pikel!
Pikel is moderately wounded.
Unknown command.
Casting: Stone Arrow (dangerous; 5% risk of failure)
Confirm with . or Enter, or press ? or * to list all spells.
Aiming: Stone Arrow (dangerous; 5% risk of failure)
Press: ? - help, Shift-Dir - straight line, f/p - Pikel
Aim: Pikel, wielding a +1 whip of freezing and wearing a +0 robe (moderately wounded, berserk, 64% to hit)
The stone arrow hits Pikel!!
Pikel is severely wounded.
Pikel hits you with a +1 whip of freezing!
Pikel freezes you.
Pikel hits you with a +1 whip of freezing.
Pikel freezes you.
Okay, then.
Pikel hits you but does no damage.
You hear a shout!
Pikel hits you with a +1 whip of freezing!
* * * LOW HITPOINT WARNING * * *
Pikel freezes you!
* * * LOW HITPOINT WARNING * * *
A lemure comes into view.
You feel better. Pikel closely misses you.
You feel yourself speed up. Pikel hits you but does no damage.
Pikel hits you with a +1 whip of freezing!
* * * LOW HITPOINT WARNING * * *
Pikel freezes you.
You die...

..........###.####### ##.....
...##.###.#(......... .......
.#.##.# #.#.#.#.##### .......
.#.##.# #.....#.# ...._..
.#.##.###.#..#..###### .......
.#.##.##....###......# .......
##.##.##..#..#..####.# ##.....
#.##.##......#.####.##.# ##.....
##.##.........#.@K.5..5.# ##.....
...#####..#.###.####.######.##.##
##.#####..#.# #...##.# .. #. .
............###....#.# .# ####
#.######.............# .# #.#
###..#####....### ##.# #.# #....#
#(....#### #<# #.#
#.#.####...........## #.#
#.#..........##...#


You could see Pikel (berserk) and 2 lemures.

Vanquished Creatures
  Eustachio (D:4)
  2 ogres (D:4)
  A lemure (D:3)
  Blork the orc (D:4)
  A scorpion (D:4)
  A water moccasin skeleton (D:4)
  A hound (D:3)
  An iguana (D:4)
  An orc wizard (D:4)
  A mummy (D:4)
  An adder (D:2)
  A dart slug (D:2)
  4 orcs (D:4)
  11 ball pythons
  3 endoplasms
  4 giant cockroaches
  8 goblins
  8 hobgoblins
  2 jackals (D:3)
  3 quokkas
  5 bats
  5 frilled lizards (D:1)
  13 kobolds
  A quokka skeleton (D:4)
  24 rats
104 creatures vanquished.

Notes
Turn   | Place    | Note
-------+----------+-------------------------------------------
     0 | D:1      | Kaptain the Gargoyle Earth Elementalist began the quest for
                  | the Orb.
     0 | D:1      | Reached XP level 1. HP: 10/10 MP: 3/3
   402 | D:1      | Reached XP level 2. HP: 16/16 MP: 3/5
   597 | D:1      | Found a faded altar of an unknown god.
   746 | D:1      | Reached skill level 1 in Conjurations
   853 | D:1      | Reached skill level 1 in Fighting
  1296 | D:2      | Reached XP level 3. HP: 19/20 MP: 0/6
  1534 | D:2      | Reached skill level 4 in Earth Magic
  2180 | D:3      | Reached XP level 4. HP: 25/25 MP: 5/7
  2600 | D:3      | Reached skill level 1 in Armour
  2830 | D:3      | Found a hazy altar of Hepliaklqana.
  2831 | D:3      | Found a basalt altar of Yredelemnul.
  2832 | D:3      | Found an ornate altar of the Wu Jian Council.
  2833 | D:3      | Found a sacrificial altar of Ru.
  2926 | D:3      | Reached XP level 5. HP: 30/30 MP: 9/9
  2959 | D:3      | Learned a level 3 spell: Stone Arrow
  3288 | D:4      | Noticed a lemure
  3288 | D:4      | Noticed a lemure
  3288 | D:4      | Noticed a lemure
  3296 | D:3      | Killed a lemure
  3403 | D:4      | Found Sacana's General Store.
  3409 | D:4      | Bought a potion of degeneration for 13 gold pieces
  3450 | D:4      | Found a snail-covered altar of Cheibriados.
  3465 | D:4      | Noticed an ogre
  3489 | D:4      | Killed an ogre
  3657 | D:4      | Reached XP level 6. HP: 25/36 MP: 0/10
  3798 | D:4      | Noticed Eustachio
  3808 | D:4      | Reached skill level 5 in Earth Magic
  3820 | D:4      | Killed Eustachio
  3821 | D:4      | Reached XP level 7. HP: 32/41 MP: 0/12
  3930 | D:4      | Noticed Blork the orc
  3944 | D:4      | Killed Blork the orc
  4168 | D:4      | Found a stormy altar of Qazlal.
  4439 | D:4      | Noticed Pikel
  4449 | D:4      | HP: 2/41 [Pikel/+1 whip of freezing (8)]
  4449 | D:4      | Slain by Pikel

Illustrated notes

Levels and vault maps discovered:
D:1:      minmay_arrival_up_and_down, layout_basic, basic_ecumenical_altar
D:2:      layout_rooms, lemuel_old_faithful
D:3:      layout_loops_ring, chequers_temple_overflow_statue_of_worship,
          minmay_rat_hole
D:4:      layout_loops_ring, slow_altar_1, kennysheep_mini,
          mainiacjoe_overflow_alcove_4, serial_shops, nicolae_shop_hallway_plus,
          uniq_eustachio, uniq_pikel, uniq_blork_the_orc

Skill      XL: |  1  2  3  4  5  6 |
---------------+-------------------+-----
Conjurations   | 1 2 3 |  3.7
Fighting       | 1 2 3 |  3.5
Earth Magic    | 4 5 |  5.6
Armour         | 1 2 |  2.3
Spellcasting   | 3 |  3.8
Stealth        | 3 |  3.5
Dodging        | |  1.5
Transmutations | |  0.7

Action                   |  1- 3 |  4- 6 |  7- 9 || total
-------------------------+-------+-------+-------++-------
Melee: Short sword       |    45 |    90 |       ||   135
       Punch             |     1 |       |       ||     1
       Rapier            |       |    21 |    18 ||    39
 Cast: Sandblast         |    48 |    20 |    13 ||    81
       Stone Arrow       |       |     9 |     8 ||    17
  Use: Scroll            |       |     2 |     1 ||     3
       Potion            |       |       |     2 ||     2
 Stab: Sleeping          |     1 |     4 |     1 ||     6
Armor: Robe              |    24 |    41 |       ||    65
       Leather armour    |       |       |    10 ||    10
Dodge: Dodged            |    42 |    84 |     9 ||   135
